 Dungeon Crawl Stone Soup version 0.21.0-37-g46506fa (webtiles) character file.

14 Golfball the Skirmisher (level 2, -1/24 HPs)
             Began as a Demonspawn Abyssal Knight on Jan 30, 2018.
             Was a Follower of Lugonu.
             Slain by a gnoll (3 damage)
             ... on level 1 of the Dungeon.
             The game lasted 00:03:32 (862 turns).

Golfball the Skirmisher (Demonspawn Abyssal Knight)  Turns: 862, Time: 00:03:33

Health: -1/24      AC:  3    Str: 12    XL:     2   Next: 27%
Magic:  3/3        EV: 11    Int: 13    God:    Lugonu [*.....]
Gold:   113        SH:  0    Dex: 12    Spells: 1/1 levels left

rFire    . . .     SeeInvis .   a - +1 mace
rCold    . . .     Gourm    .   (no shield)
rNeg     . . .     Faith    .   b - +1 leather armour
rPois    .         Spirit   .   (no helmet)
rElec    .         Reflect  .   (no cloak)
rCorr    .         Harm     .   (no gloves)
MR       .....                  (no boots)
Stlth    +.........             (no amulet)
HPRegen  0.08/turn              i - +1 ring of protection
MPRegen  0.08/turn              (no ring)

@: no status effects
A: [deformed body], rot immunity
a: Depart the Abyss, Renounce Religion


You were on level 1 of the Dungeon.
You worshipped Lugonu.
Lugonu was aware of your devotion.
You were not hungry.

You visited 1 branch of the dungeon, and saw 1 of its levels.
You visited the Abyss 1 time.

You collected 113 gold pieces.

Inventory:

Hand Weapons
 a - a +1 mace (weapon)
Armour
 b - a +1 leather armour (worn)
 h - a +0 ring mail
Jewellery
 i - a +1 ring of protection (left hand)
Scrolls
 e - a scroll of magic mapping
 f - a scroll of enchant armour
Potions
 g - 2 potions of curing {unknown}
 j - 2 potions of heal wounds {unknown}
 l - a potion of ambrosia {unknown}
Comestibles
 c - 2 rations
 d - 4 chunks of flesh


   Skills:
 - Level 3.0 Fighting
 + Level 2.7 Maces & Flails
 - Level 1.7 Armour
 - Level 0.8 Dodging
 - Level 2.4 Invocations


You had one spell level left.
You didn't know any spells.

Dungeon Overview and Level Annotations

Branches:
Dungeon (1/15)

Altars:


Innate Abilities, Weirdness & Mutations

You are immune to rotting.
[Armour fits poorly on your strangely shaped body.]


Message History

The gnoll shouts!
The gnoll hits you.
You closely miss the gnoll. The gnoll barely misses you.
You hit the gnoll.
The gnoll is lightly wounded.
The gnoll hits you. The gnoll hits you!
You barely miss the gnoll.
The gnoll is lightly wounded.
The gnoll misses you.
You hit the gnoll.
The gnoll is heavily wounded.
The gnoll hits you!
* * * LOW HITPOINT WARNING * * *
You hit the gnoll but do no damage.
The gnoll is heavily wounded.
The gnoll barely misses you.
You completely miss the gnoll.
The gnoll is heavily wounded.
The gnoll hits you.
You die...

*,,,**#.#####......#.#.#.#,,**###
*,,,* #.# #.............,,,,...
,,,,* #.####*........>.##########
,,,,* #....#*,.(...............##
***,* ##...##,*+#####'######.....
*,* #P...P#,#.#####......#.....
*,* ##...##,#........###.#.....
*,* #P...P#.#######.#.##.#....#
*,* ##...##..g@...#.#.##.######
*,* #P...P#..####.#.#.##......,
***,* ##...##.,***#.#.#..#######.
,,,,* #P...P#,,*,,#.#.####****,*,
******##...##,,**,##..###..,,,,,,
*,,#P...P#,,,*,#.......#,,,,,,
**,##...##*,**,#.....###,*****
*,*#.<.# *,**,#.....#,,,*,,,,
*,*##### *,**,#....##****,***


You could see a gnoll.

Vanquished Creatures
  A giant cockroach (D:1)
  4 goblins (D:1)
  4 jackals (D:1)
  A bat (D:1)
  A rat (D:1)
11 creatures vanquished.

Notes
Turn   | Place    | Note
-------+----------+-------------------------------------------
     0 | Abyss:1  | Golfball the Demonspawn Abyssal Knight began the quest for the Orb.
     0 | Abyss:1  | Reached XP level 1. HP: 18/18 MP: 2/2
    19 | Abyss:1  | Found a corrupted altar of Lugonu.
    54 | Abyss:1  | Noticed a wretched star
    96 | Abyss:2  | Noticed a raiju
   100 | D:1      | Escaped the Abyss
   211 | D:1      | Reached * piety under Lugonu
   323 | D:1      | Gained mutation: You are immune to rotting. [demonic ancestry]
   323 | D:1      | Reached XP level 2. HP: 6/24 MP: 3/3
   862 | D:1      | Slain by a gnoll

Skill      XL: |  1 |
---------------+----+-----
Maces & Flails | 2 |  2.7
Fighting       | |  3.0
Armour         | |  1.7
Dodging        | |  0.8
Invocations    | |  2.4

Action                   || total
-------------------------++-------
Melee: Mace              ||    45
Invok: Depart the Abyss  ||     1
  Use: Scroll            ||     5
Armor: Leather armour    ||     5
Dodge: Dodged            ||    33
